 Dungeon Crawl Stone Soup version 0.20-a0-3-g334f831 (webtiles) character file.

3229 JeffiDaFish the Blocker (level 9, -10/55 HPs)
             Began as a Gargoyle Fighter on Oct 30, 2016.
             Was a Believer of Makhleb.
             Mangled by pkoi's ghost (15 damage)
             ... on level 8 of the Dungeon.
             The game lasted 00:17:56 (6860 turns).

JeffiDaFish the Blocker (Gargoyle Fighter)          Turns: 6860, Time: 00:17:56

Health: -10/55     AC: 16    Str: 28    XL:     9   Next: 98%
Magic:  9/9        EV: 10    Int:  9    God:    Makhleb [**....]
Gold:   473        SH: 14    Dex:  9    Spells: 0 memorised, 8 levels left

rFire  . . .     SeeInvis +     k - +1 whip (freeze)
rCold  . . .     Gourm    .     o - +0 scale mail {rPois}
rNeg   + . .     Faith    .     c - +2 shield
rPois  ∞         Spirit   .     (no helmet)
rElec  +         Reflect  .     (no cloak)
rCorr  .         Harm     .     m - +2 pair of gloves
MR     .....                    (no boots)
Stlth  ..........               (no amulet)
                                b - +3 ring of slaying
                                n - ring of see invisible

@: mighty
A: negative energy resistance 1, electricity resistance, unbreathing,
petrification resistance, rot immunity, AC +5
a: Minor Destruction, Renounce Religion


You were on level 8 of the Dungeon.
You worshipped Makhleb.
Makhleb was pleased with you.
You were hungry.

You visited 2 branches of the dungeon, and saw 9 of its levels.

You collected 473 gold pieces.

Inventory:

Hand Weapons
 a - a +1 flail
 k - a +1 whip of freezing (weapon)
Armour
 c - a +2 shield (worn)
 m - a +2 pair of gloves (worn)
 o - a +0 scale mail of poison resistance (worn)
Jewellery
 b - a +3 ring of slaying (right hand)
 n - a ring of see invisible (left hand)
Wands
 p - a wand of lightning (10/15)
 s - a wand of flame (24/48)
 u - a wand of random effects (24/48)
Scrolls
 e - 6 scrolls of identify
 j - 8 scrolls of remove curse
 v - a scroll of magic mapping
Potions
 i - a potion of mutation {unknown}
 l - 2 potions of cure mutation
Comestibles
 f - 3 bread rations
 g - a beef jerky
 h - 3 meat rations
 q - 7 chunks of flesh
 t - 3 fruits


   Skills:
 + Level 5.9 Fighting
 + Level 8.0 Maces & Flails
 + Level 6.8 Armour
 + Level 3.6 Dodging
 + Level 1.2 Stealth
 + Level 8.6 Shields


You had 8 spell levels left.
You didn't know any spells.

Dungeon Overview and Level Annotations

Branches:
Dungeon (8/15)             Temple (1/1) D:5
   Lair: D:8-11

Altars:
Ashenzari
Elyvilon
Fedhas
Hepliaklqana
Kikubaaqudgha
Makhleb
Okawaru
Sif Muna
Vehumet
Xom
Zin
The Shining One

Shops:
D:6 [

Portals:
Bailey: D:8

Annotations:
D:8 pkoi's ghost, novice MiGl


Innate Abilities, Weirdness & Mutations

You are resistant to torment.
Your stone body is resilient. (AC +5)
You are immune to poison.
You resist negative energy. (rN+)
You are resistant to electric shocks. (rElec)
You can survive without breathing.
You are immune to petrification.
You are immune to rotting.


Message History

Pkoi's ghost hits you!
* * * LOW HITPOINT WARNING * * *
You thrash pkoi's ghost!! You freeze pkoi's ghost.
Pkoi's ghost is severely damaged.
You barely miss pkoi's ghost.
Pkoi's ghost is severely damaged.
You block pkoi's ghost's attack.
You miss pkoi's ghost.
Pkoi's ghost is severely damaged.
You block pkoi's ghost's attack.
Okay, then.
You barely miss pkoi's ghost.
Pkoi's ghost is severely damaged.
You miss pkoi's ghost.
Pkoi's ghost is severely damaged.
You block pkoi's ghost's attack.
You barely miss pkoi's ghost.
Pkoi's ghost is severely damaged.
Pkoi's ghost hits you!
You die...

.... #.# .#.
#.# .###..#
#.# .....[.
#.# ...)...
#.# ..)∩)..
#.#
...)...#####.#
.......†W@##.#
.......###.#.#
....... #...#
######.###.###
#.....#
#.###.# #. #.#
#. #.# #.#


You could see pkoi's ghost.

Vanquished Creatures
  Pikel (D:4)
  Sigmund (D:6)
  Menkaure (D:7)
  2 sky beasts
  3 orc warriors (D:6)
  2 ice beasts
  3 centaurs
  A big kobold (D:5)
  A bullfrog (D:5)
  A scorpion (D:5)
  11 killer bees
  A centaur zombie (D:5)
  4 hounds
  4 crimson imps
  A bullfrog zombie (D:6)
  2 jellies
  2 orc wizards (D:6)
  2 bullfrog skeletons
  A centaur skeleton (D:6)
  Ijyb (D:2)
  An iguana (D:4)
  3 worker ants
  A killer bee zombie (D:6)
  A hound zombie (D:6)
  A hound skeleton (D:4)
  A worker ant zombie (D:5)
  10 adders
  A shadow imp (D:7)
  2 adder skeletons
  7 worms
  15 dart slugs
  10 leopard geckos
  15 orcs
  5 giant cockroaches
  11 goblins
  12 hobgoblins
  4 jackals (D:7)
  2 quokkas
  2 ball pythons
  6 bats
  6 frilled lizards
  10 kobolds
  A leopard gecko zombie (D:6)
  A quokka skeleton (D:7)
  6 rats
179 creatures vanquished.

Vanquished Creatures (others)
  A bullfrog (D:6)
  An iguana (D:4)
  2 adders (D:6)
  2 ball pythons (D:4)
  A giant cockroach (D:4)
  3 quokkas
10 creatures vanquished.

Grand Total: 189 creatures vanquished

Notes
Turn   | Place    | Note
-------+----------+-------------------------------------------
     0 | D:1      | JeffiDaFish the Gargoyle Fighter began the quest for the Orb.
     0 | D:1      | Reached XP level 1. HP: 14/14 MP: 1/1
   276 | D:1      | Reached XP level 2. HP: 19/19 MP: 2/2
   543 | D:1      | Reached XP level 3. HP: 23/23 MP: 3/3
   561 | D:1      | Gained mutation: You have a pair of small horns on your head. [potion of beneficial mutation]
  1049 | D:2      | Reached XP level 4. HP: 25/29 MP: 4/4
  1082 | D:2      | Noticed Ijyb
  1096 | D:2      | Killed Ijyb
  1386 | D:2      | Reached skill level 1 in Dodging
  1488 | D:2      | Reached XP level 5. HP: 33/33 MP: 5/5
  2142 | D:3      | Gained mutation: You are agile. (Dex +2) [potion of beneficial mutation]
  2149 | D:3      | Lost mutation: You are agile. (Dex +2) [potion of cure mutation]
  2149 | D:3      | Lost mutation: You have a pair of small horns on your head. [potion of cure mutation]
  2867 | D:4      | Reached XP level 6. HP: 36/38 MP: 6/6
  2937 | D:4      | Noticed a slave
  2938 | D:4      | Noticed Pikel
  2939 | D:4      | Noticed a slave
  2939 | D:4      | Noticed a slave
  2951 | D:4      | Noticed a slave
  2984 | D:4      | Killed Pikel
  2984 | D:4      | Reached skill level 5 in Maces & Flails
  2984 | D:4      | Reached skill level 5 in Shields
  2984 | D:4      | Reached XP level 7. HP: 19/44 MP: 7/7
  3348 | D:4      | Reached skill level 5 in Armour
  3913 | D:5      | Entered Level 5 of the Dungeon
  3913 | D:5      | Found a staircase to the Ecumenical Temple.
  3923 | Temple   | Entered the Ecumenical Temple
  3979 | Temple   | Became a worshipper of Makhleb the Destroyer
  4203 | D:5      | Reached XP level 8. HP: 36/48 MP: 8/8
  4510 | D:5      | Found an iron altar of Okawaru.
  4885 | D:6      | Found Noinaja's Armour Emporium.
  4935 | D:5      | Reached * piety under Makhleb
  5062 | D:6      | Reached skill level 5 in Fighting
  5129 | D:6      | Found a shimmering altar of Xom.
  5234 | D:6      | Noticed Sigmund
  5249 | D:6      | Reached XP level 9. HP: 54/54 MP: 9/9
  5254 | D:6      | Killed Sigmund
  5740 | D:6      | HP: 1/54 [killer bee (6)]
  5748 | D:6      | HP: 1/54 [killer bee (2)]
  6095 | D:6      | Reached skill level 1 in Stealth
  6269 | D:7      | Reached ** piety under Makhleb
  6428 | D:7      | Noticed Menkaure
  6437 | D:7      | Killed Menkaure
  6634 | D:8      | Found a deep blue altar of Sif Muna.
  6777 | D:8      | Found a flagged portal.
  6806 | D:8      | Noticed pkoi's ghost (novice MiGl)
  6860 | D:8      | Mangled by pkoi's ghost

Vault maps used:
D:1:      minmay_arrival_widening_spiral_wide, hangedman_decor_clover_reticule,
          minmay_domino_2
D:2:      first_bread, uniq_iyjb
D:3:      kennysheep_slugbush
D:4:      serial_forest, infiniplex_forest_lined_room_3,
          infiniplex_forest_lined_3, infiniplex_forest_zigzag_2,
          infiniplex_forest_clump_small, infiniplex_forest_lined_2, uniq_pikel
D:5:      gup_sewer_entry_pipe, minmay_misc_feat_columns, minmay_liquid_box,
          st_stairs_4, okawaru_trees_2
D:6:      serial_shops, shop, xom_confusion_cloud, uniq_sigmund
D:7:      uniq_menkaure
D:8:      basic_altar, enter_bailey_2
Temple:   minmay_crystal_snake_temple

Skill      XL: |  1  2  3  4  5  6  7  8  9 |
---------------+----------------------------+-----
Armour         | 4 5 6 |  6.8
Shields        | 4 5 7 8 |  8.6
Dodging        | 1 2 3 |  3.6
Maces & Flails | 3 5 6 8 |  8.0
Fighting       | 4 5 |  5.9
Stealth        | 1 |  1.2

Action                   |  1- 3 |  4- 6 |  7- 9 || total
-------------------------+-------+-------+-------++-------
Melee: Flail             |   118 |   236 |    33 ||   387
       Headbutt          |     7 |    11 |       ||    18
       Whip              |       |       |   722 ||   722
  Use: Scroll            |     5 |     3 |     7 ||    15
       Potion            |     2 |     2 |    11 ||    15
  Eat: Chunk             |     1 |     5 |    10 ||    16
       Bread ration      |       |     1 |       ||     1
Armor: Scale mail        |    62 |   119 |   241 ||   422
Dodge: Dodged            |    40 |    94 |   223 ||   357
Block: Shield            |    62 |   116 |   399 ||   577
